 Dungeon Crawl Stone Soup version 0.32-a0-913-g739538afd8 (webtiles) character file.

Game seed: 13083606269212608536

58 ezpacito the Chopper (level 4, -7/31 (35) HPs)
             Began as a Coglin Chaos Knight on Apr 9, 2024.
             Was a Plaything of Xom.
             Mangled by an ogre
             ... wielding a +0 giant spiked club
              (11 damage)
             ... on level 4 of the Dungeon.
             The game lasted 00:02:43 (1196 turns).

ezpacito the Chopper (Coglin Chaos Knight)          Turns: 1196, Time: 00:02:44

HP:   -7/31 (35)    AC:  9    Str: 15    XL:     4   Next: 1%
MP:   4/4           EV:  6    Int: 11    God:    Xom [......]
Gold: 178           SH:  0    Dex: 13    Spells: 3/3 levels left

rFire   . . .        a - +0 hand axe (chaos) {Hua}
rCold   . . .        f - +0 trident {Magnus}
rNeg    . . .        g - +0 chain mail
rPois   .            (no helmet)
rElec   .            (no cloak)
rCorr   .            d - +0 pair of gloves
SInv    .            (no boots)
Will    .....        (amulet unavailable) Stlth
                     (ring unavailable)
HPRegen 0.25/turn    (ring unavailable)
MPRegen 0.09/turn    (no gizmo)

%: no passive effects
@: heavily drained, revved
A: off-hand wielding, slow wielding, warmup strikes, no jewellery
a: Invent Gizmo, Renounce Religion


You were on level 4 of the Dungeon.
You worshipped Xom.
You were a very special plaything of Xom.
You visited 1 branch of the dungeon, and saw 4 of its levels.

You collected 178 gold pieces.

Inventory:

Hand Weapons
 a - a +0 hand axe of chaos (weapon) {Hua}
 f - a +0 trident (offhand) {Magnus}
Armour
 d - a +0 pair of gloves (worn)
 g - a +0 chain mail (worn)
Scrolls
 e - a scroll of revelation
Potions
 c - a potion of ambrosia
 k - a potion of mutation


   Skills:
 * Level 3.2 Fighting
 * Level 3.3(3.5) Axes
 * Level 1.1(2.2) Polearms
 * Level 2.2 Armour
 * Level 1.5 Dodging
 + Level 0.4 Stealth
 + Level 0.4 Spellcasting


You had 3 spell levels left.
You didn't know any spells.
Your spell library contained the following spells:

 Spells                   Type           Power      Damage    Failure   Level
 Fugue of the Fallen      Necr           0%         N/A       100%        3
 Ozocubu's Armour         Ice            0%         N/A       100%        3
 Manifold Assault         Tloc           0%         N/A       100%        7


Dungeon Overview and Level Annotations

Branches:
Dungeon (4/15)
 Temple: D:4-7

Altars:

Annotations:
D:2 Robin


Innate Abilities, Weirdness & Mutations

You can wield a second weapon in your off-hand.
It takes a long time for you to wield or remove held weapons.
Your first few attacks do less damage.
You cannot equip rings or amulets.


Message History

Health restored: 31; MP restored: 4
Okay, then. "Heh heh heh..."
You are confused.
Things that are here:
a +0 dagger; a goblin corpse You bump into the rock wall.
You bump into the rock wall.
You're too confused to move!
You feel less confused.
You closely miss the ogre with your +0 trident.
You hit the ogre with your +0 hand axe of chaos.
You burn the ogre.
The ogre hits you with a +0 giant spiked club!
You take 12 damage, and have 19/31 hp.
MASSIVE DAMAGE!!
You hit the ogre with your +0 trident.
The ogre is moderately wounded.
You hit the ogre with your +0 hand axe of chaos.
The ogre is poisoned.
You hit the ogre but do no damage.
The ogre is heavily wounded.
You hit the ogre but do no damage. The ogre barely misses you.
You hit the ogre but do no damage.
The ogre is heavily wounded.
You hit the ogre with your +0 trident.
The ogre hits you with a +0 giant spiked club!!
Ouch! That really hurt!
You die... "Hey, things were just getting interesting!"
Xom revives you!
You take 17 damage, and have 3/31 hp.
MASSIVE DAMAGE!!
Okay, then.
Okay, then.
Okay, then.
You barely miss the ogre with your +0 hand axe of chaos.
The ogre is heavily wounded.
You hit the ogre but do no damage.
The ogre hits you with a +0 giant spiked club!
You die...
Xom is highly amused!

#..# #..# #.## ...# ##.#
.... #..# ..... #.####
..... #....###### ......
##.........######......
#...........@O.........
##..............).......
#.##########............
##))..### ######.......
#....)..# ##.....
##.<.....## .....
##.........# ....
#..........# ###.
#.#........#


You could see an ogre (very poisoned).

Vanquished Creatures
  A ribbon worm (D:2)
  4 orcs (D:4)
  3 endoplasms
  A giant cockroach (D:4)
  13 goblins
  7 hobgoblins
  A quokka (D:2)
  2 ball pythons (D:1)
  3 bats
  5 kobolds
  4 rats
44 creatures vanquished.

Notes
Turn   | Place    | Note
-------+----------+-------------------------------------------
     0 | D:1      | ezpacito the Coglin Chaos Knight began the quest for the
                  | Orb.
     0 | D:1      | Reached XP level 1. HP: 18/18 MP: 1/1
    56 | D:1      | Reached skill level 1 in Dodging
   104 | D:1      | XOM: silly message
   254 | D:1      | XOM: butterfly on damage
   258 | D:1      | Reached XP level 2. HP: 16/24 MP: 2/2
   585 | D:2      | Found a faded altar of an unknown god.
   664 | D:2      | Reached XP level 3. HP: 29/29 MP: 3/3
   724 | D:2      | XOM: 9-stop teleportation journey
   886 | D:2      | Noticed Robin
   900 | D:2      | XOM: scenery: summon butterflies
   913 | D:2      | XOM: swap monsters
   915 | D:2      | Reached skill level 1 in Polearms
   936 | D:2      | XOM: noise
   950 | D:2      | XOM: swap monsters
  1001 | D:3      | XOM: summons 2 hostile demons
  1002 | D:3      | Noticed a chaos spawn
  1032 | D:4      | XOM: draining
  1183 | D:4      | Noticed an ogre
  1184 | D:4      | Reached XP level 4. HP: 31/31 MP: 4/4
  1184 | D:4      | XOM: confusion
  1195 | D:4      | Xom revived you
  1196 | D:4      | Mangled by an ogre

Illustrated notes

Levels and vault maps discovered:
D:1:      lemuel_arrival_hallway, layout_rooms, minmay_indecisive_spiral
D:2:      layout_basic, dreamdust_ecumenical_altar_angels_and_demons,
          chequers_serial_rivers_small_b, uniq_robin
D:3:      layout_basic, gammafunk_ghost_nasty_kobolds, lexackson_kobold_supper,
          uniq_terence
D:4:      layout_cave_pods

Skill      XL: |  1  2  3 |
---------------+----------+-----
Dodging        | 1 |  1.5
Armour         | 2 |  2.2
Polearms       | 1 |  1.1
Fighting       | |  3.2
Axes           | |  3.3
Stealth        | |  0.4
Spellcasting   | |  0.4

Action                     |  1- 3 |  4- 6 || total
---------------------------+-------+-------++-------
  Melee: Hand axe          |    83 |     5 ||    88
         Dagger            |    25 |       ||    25
         Spear             |    60 |       ||    60
         Trident           |     1 |     5 ||     6
  Throw: Dart              |     4 |       ||     4
    Use: Scroll            |     8 |       ||     8
         Potion            |     1 |       ||     1
   Stab: Held in net/web   |     1 |       ||     1
         Paralysed         |     1 |       ||     1
 Armour: Leather armour    |    83 |       ||    83
         Chain mail        |       |     3 ||     3
  Dodge: Dodged            |    91 |     1 ||    92

Table legend: (Time is in decaauts)
 A = Elapsed time spent in this place.
 B = Non-inter-level travel time spent in this place.
 C = Inter-level travel time spent in this place.
 D = Time resting spent in this place.
 E = Time spent auto-exploring this place.
 F = Levels seen in this place.
 G = Mean time per level.
                   A        B        C        D        E       F      G
               +--------+--------+--------+--------+--------+-----+--------+
         Total |   1203 |   1168 |     35 |     38 |    792 |   4 |  300.8 |
       Dungeon |   1203 |   1168 |     35 |     38 |    792 |   4 |  300.8 |
               +--------+--------+--------+--------+--------+-----+--------+

Top non-repeatable levels by time:
     D:1: 510 daAuts
     D:2: 454 daAuts
     D:4: 171 daAuts
     D:3: 67 daAuts
